Map: Newkirk Precinct TE (Void)

Players

Raiden - Winner!

  • Race: Protoss Protoss
  • League: Grandmaster
  • Spawn Location: 7:00

A.I. 2 (Elite)

  • Race: Zerg Zerg
  • Spawn Location: 5:00

VOD

Have the link to the VOD?

Description

kylenation2

Time

  • Played on: Feb. 11, 2017, 2:44 p.m.
  • Length: 5:57
Show
View Real Time Build Order
Export as new Build Order

Raiden Protoss - Winner!

Build Orders: Dark Templar Rush 

Get SALT Encoding   

  12  0:01  Probe (Chrono Boost)  
  13  0:11  Probe (Chrono Boost)  
  14  0:18  Pylon  
  14  0:22  Probe (Chrono Boost)  
  15  0:37  Probe (Chrono Boost)  
  15  0:38  Gateway  
  16  0:44  Assimilator  
  16  0:47  Probe (Chrono Boost)  
  17  0:53  Assimilator  
  17  0:58  Probe (Chrono Boost)  
  18  1:10  Gateway  
  18  1:13  Probe (Chrono Boost)  
  19  1:24  Probe (Chrono Boost)  
  20  1:27  Cybernetics Core  
  20  1:34  Probe (Chrono Boost)  
  20  1:38  Pylon  
  21  1:45  Probe (Chrono Boost)  
  22  1:57  Warp Gate  
  22  2:03  Adept x2  
  26  2:11  Twilight Council  
  27  2:16  Probe (Chrono Boost)  
  27  2:30  Adept x2  
  27  2:36  Resonating Glaives  
  31  2:40  Pylon  
  31  2:56  Pylon  
  31  3:20  Adept x2  
  35  3:29  Probe (Chrono Boost)  
  35  3:31  Gateway  
  35  3:32  Gateway  
  36  3:40  Dark Shrine  
  36  4:18  Pylon  
  36  4:26  Stalker x2  
  40  4:32  Stalker  
  40  4:33  Stalker  
  44  4:42  Pylon  
  44  4:52  Dark Templar x2  
  48  4:56  Dark Templar  
  48  4:58  Zealot  
  52  5:07  Pylon  
  52  5:10  Mothership Core (Chrono Boost)  
  54  5:22  Zealot  
  56  5:30  Zealot x2  
  60  5:42  Pylon  
  60  5:44  Dark Templar  
Show
View Real Time Build Order
Export as new Build Order

A.I. 2 (Elite) Zerg 

Build Orders: Pool First 

Get SALT Encoding   

  12  0:00  Drone  
  13  0:13  Overlord  
  13  0:18  Drone  
  14  0:31  Drone x2  
  14  0:34  Drone  
  17  0:47  Spawning Pool  
  17  0:48  Drone  
  17  1:11  Hatchery  
  17  1:13  Drone  
  17  1:16  Extractor  
  16  1:19  Drone  
  16  1:23  Extractor  
  17  1:25  Drone  
  17  1:29  Drone  
  18  1:39  Drone  
  19  1:49  Overlord  
  19  1:57  Queen  
  21  2:02  Zergling x2  
  22  2:11  Drone  
  23  2:23  Queen  
  23  2:29  Drone  
  26  2:34  Drone  
  27  2:39  Drone  
  27  2:43  Drone  
  29  2:58  Roach Warren  
  29  2:59  Drone  
  29  3:04  Zergling x2  
  28  3:08  Drone  
  26  3:13  Drone  
  26  3:18  Drone  
  25  3:24  Drone  
  24  3:31  Drone  
  25  3:38  Zergling x2  
  25  3:43  Drone  
  26  3:49  Drone  
  26  3:53  Zergling x2  
  26  3:57  Zergling x2  
  25  4:07  Zergling x2  
  24  4:12  Zergling x2  
  24  4:15  Zergling x2  
  26  4:22  Drone  
  25  4:26  Drone  
  23  4:35  Drone  
  21  4:41  Drone  
  21  4:47  Drone  
  22  4:54  Drone  
  23  5:00  Drone  
  24  5:09  Roach  
  26  5:19  Roach  
Tags
 
Add a new tag
Caveats
  • Supply blocks, unpowered buildings, or Contaminate may cause inaccurate times.
  • Supply counts are checked every 10 seconds.